 Dungeon Crawl Stone Soup version 0.30.1-11-g7821555f0a (webtiles) character file.

Game seed: 4727862659795341336

45052 Marvel the Bludgeoner (level 13, -16/122 HPs)
             Began as a Minotaur Fighter on Dec 18, 2023.
             Was a High Priest of Okawaru.
             Demolished by a +0 dire flail of holy wrath (17 damage)
             ... on level 1 of the Elven Halls.
             The game lasted 00:55:28 (12839 turns).

Marvel the Bludgeoner (Minotaur Fighter)           Turns: 12839, Time: 00:55:29

Health: -16/122    AC: 24    Str: 31    XL:     13   Next: 99%
Magic:  12/13      EV: 14    Int:  5    God:    Okawaru [*****.]
Gold:   1360       SH: 17    Dex: 13    Spells: 12/12 levels left

rFire   + . .        N - +6 morningstar (chaos)
rCold   + . .        Z - +2 kite shield {rC+ rF+}
rNeg    . . .        Q - +5 acid dragon scales "Ciogro Saesch" {rCorr Stlth+}
rPois   +            (helmet restricted)
rElec   .            H - +0 cloak
rCorr   +            (no gloves)
SInv    .            G - +2 pair of boots {Stlth+}
Will    .....        v - amulet "Zulubama" {RegenMP rPois Regen+ Dex+2 Stlth+}
Stlth   ++++++       x - +4 ring of protection
HPRegen 1.20/turn    Y - +6 ring of strength
MPRegen 0.53/turn

%: no passive effects
@: heroic
A: horns 2, retaliatory headbutt, poison resistance
a: Renounce Religion, Heroism, Finesse, Duel


You were on level 1 of the Elven Halls.
You worshipped Okawaru.
Okawaru was extremely pleased with you.
You visited 4 branches of the dungeon, and saw 17 of its levels.
You also visited: Sewer and Bailey.

You collected 1781 gold pieces.
You spent 421 gold pieces at shops.

Inventory:

Hand Weapons
 C - a +2 hand crossbow of flaming
 N - a +6 morningstar of chaos (weapon)
 O - a +4 dire flail of freezing
 V - the +1 mace of Moderation {speed, rCorr Stlth+}
   (You found it on level 10 of the Dungeon)

   rCorr:     It protects you from acid and corrosion.
   Stlth:     It makes you more stealthy.
Missiles
 t - 3 atropa-tipped darts
 y - 12 poisoned darts (quivered)
 z - 6 silver javelins
 D - 22 boomerangs
 T - 4 throwing nets
 U - 8 javelins
Armour
 c - the +2 cloak of the Thief {*Fog Slay-2 SInv Stlth+}
   (Okawaru gifted it to you on level 13 of the Dungeon)

   *Fog:      It may release a thick cloud of smoke when the wearer is hurt.
   Slay:      It affects your accuracy & damage with ranged weapons and melee
   (-2).
   SInv:      It lets you see invisible.
   Stlth:     It makes you more stealthy.
 G - a +2 pair of boots of stealth (worn)
 H - a +0 cloak (worn)
 Q - the +5 acid dragon scales "Ciogro Saesch" (worn) {rCorr Stlth+}
   (You took it off a spriggan in a bailey)

   rCorr:     It protects you from acid and corrosion.
   Stlth:     It makes you more stealthy.
 Z - a +2 kite shield of resistance (worn)
Jewellery
 a - a ring of willpower
 e - a ring of wizardry
 g - an amulet of reflection
 j - an amulet of the acrobat
 v - the amulet "Zulubama" (around neck) {RegenMP rPois Regen+ Dex+2 Stlth+}
   (You found it on level 2 of the Dungeon)

   [amulet of magic regeneration]

   It increases your rate of magic regeneration.
   Dex:       It affects your dexterity (+2).
   rPois:     It protects you from poison.
   Regen:     It increases your rate of health regeneration.
   Stlth:     It makes you more stealthy.
 x - a +4 ring of protection (left hand)
 K - a ring of protection from cold
 S - a ring of wizardry
 Y - a +6 ring of strength (right hand)
Wands
 h - a wand of acid (4)
 E - a wand of flame (35)
 J - a wand of digging (8)
 R - a wand of polymorph (3)
Scrolls
 b - 2 scrolls of identify
 o - 2 scrolls of magic mapping
 p - a scroll of summoning
 q - 3 scrolls of poison {unknown}
 u - 4 scrolls of immolation {unknown}
 w - a scroll of brand weapon
 B - a scroll of silence
 I - a scroll of torment
 M - 3 scrolls of teleportation
 P - a scroll of fear
Potions
 d - 8 potions of might
 f - a potion of ambrosia {unknown}
 i - 8 potions of curing
 k - 3 potions of brilliance
 l - a potion of cancellation
 m - 5 potions of haste
 A - 2 potions of resistance
 F - 3 potions of magic
 L - a potion of invisibility
 W - 3 potions of berserk rage
 X - 2 potions of attraction


   Skills:
 + Level 13.0(18.0) Fighting
 + Level 16.8(21.8) Maces & Flails
 + Level 8.4(13.4) Throwing
 + Level 9.5(14.5) Armour
 - Level 2.0(7.0) Dodging
 - Level 0.2(5.2) Stealth
 + Level 15.7(20.7) Shields
 + Level 1.6 Invocations


You had 12 spell levels left.
You didn't know any spells.
Your spell library contained the following spells:

 Spells                   Type           Power      Damage    Failure   Level
 Freeze                   Ice            0%         1d3       56%         1
 Blink                    Tloc           0%         N/A       71%         2
 Lesser Beckoning         Tloc           0%         N/A       71%         2
 Momentum Strike          Conj/Tloc      0%         3d8       71%         2
 Frozen Ramparts          Ice            0%         1d1       91%         3
 Hailstorm                Conj/Ice       0%         3d3       91%         3
 Ice Form                 Ice/Tmut       0%         N/A       100%        4
 Summon Ice Beast         Ice/Summ       Unusable   N/A       N/A         4

Dungeon Overview and Level Annotations

Branches:
Dungeon (13/15)            Temple (1/1) D:7             Orc (2/2) D:11
    Elf (1/3) Orc:2        Vaults (0/5) D:13          Sewer (visited)
 Bailey (visited)
   Lair: D:8-11

Altars:
Ashenzari
Cheibriados
Dithmenos
Elyvilon
Fedhas
Gozag
Hepliaklqana
Kikubaaqudgha
Makhleb
Nemelex Xobeh
Okawaru
Qazlal
Ru
Sif Muna
Trog
Uskayaw
Vehumet
Wu Jian
Xom
Yredelemnul
Zin
The Shining One

Shops:
D:3 =   Orc:2 =[[*

Annotations:
D:9 Amaemon
D:12 3 runed translucent doors, vvlvvlvvl's ghost, journeyman DsVM


Innate Abilities, Weirdness & Mutations

You have a pair of horns on your head.
You reflexively headbutt those who attack you in melee.
Your system is resistant to poisons. (rPois)


Message History

You block the deep elf zephyrmancer's attack.
You thump the deep elf zephyrmancer!
The deep elf zephyrmancer's magic leaks into the air.
The deep elf zephyrmancer is moderately wounded.
The +0 dire flail of holy wrath hits you! x2
The deep elf zephyrmancer gestures at you while chanting.
The bolt of lightning hits the earth elemental.
The earth elemental completely resists.
The bolt of lightning hits you. The bolt of lightning hits you!!
* * * LOW HITPOINT WARNING * * *
The bolt of lightning hits the +0 dire flail of holy wrath.
The +0 dire flail of holy wrath completely resists.
You block the deep elf zephyrmancer's attack.
The earth elemental completely misses you.
You feel much better.
The +0 dire flail of holy wrath hits you!!
* * * LOW HITPOINT WARNING * * *
The deep elf zephyrmancer falters for a moment.
You gain the combat prowess of a mighty hero.
You block the +0 dire flail of holy wrath's attack. x2
The earth elemental hits you!
* * * LOW HITPOINT WARNING * * *
The deep elf zephyrmancer hits you but does no damage.
As you read the scroll of fear, it crumbles to dust.
You assume a fearsome visage.
The deep elf zephyrmancer looks frightened! x2
The +0 dire flail of holy wrath is unaffected.
The earth elemental is unaffected.
You block the +0 dire flail of holy wrath's attack.
The deep elf zephyrmancer mumbles some strange words.
The deep elf zephyrmancer blinks!
The deep elf zephyrmancer gestures wildly while chanting.
The deep elf zephyrmancer blinks!
You block the +0 dire flail of holy wrath's attack.
You barely miss the +0 dire flail of holy wrath.
A +0 glaive of protection comes into view.
The earth elemental hits you!!
* * * LOW HITPOINT WARNING * * *
The +0 dire flail of holy wrath hits you!
You die...

##...## #####
##.....## ##...##
##..[....#
#.....######...).....
+.....+....'.........
.... ######.........
# #.. ##'.......#
#.##)####
##.##.....'#
#.).ยง@.#
##.####...##)
#.##.#.(#E###.###
##+####
.......))(......# #
..#.####'####E#.#
.#?. .. #..... .. ..#
###.##.# # ... .# ..
## '#.. # . +. /##..
##


You could see an earth elemental and 2 dancing weapons.

Vanquished Creatures
  Saint Roka (Orc:2)
  Gastronok (D:11)
  A deep elf sorcerer (Elf:1)
  An ironbound preserver (D:13)
  A deep elf annihilator (Elf:1)
  A hydra (D:13)
  4 centaur warriors (D:13)
  4 two-headed ogres
  3 boulder beetles
  Urug (D:11)
  2 dancing weapons (Elf:1)
  A tengu warrior (D:11)
  3 skeletal warriors (D:13)
  5 deep elf pyromancers
  5 orc knights (Orc:2)
  An orc sorcerer (Orc:2)
  3 deep elf zephyrmancers (Elf:1)
  2 manticores
  An oklob plant (Orc:2)
  An ugly thing (D:12)
  6 cyclopes
  An elephant (D:9)
  Joseph (D:9)
  An orange demon (D:9)
  A gargoyle (D:12)
  A kobold demonologist (D:13)
  A tengu conjurer (D:13)
  A meliai (shapeshifter) (Orc:2)
  7 trolls
  A polar bear (shapeshifter) (D:13)
  A hornet (D:10)
  Prince Ribbit (D:5)
  Sigmund (D:5)
  9 slime creatures
  A vampire (D:10)
  6 spriggans (Bailey)
  4 yaks (D:9)
  2 water elementals (Elf:1)
  A spriggan (shapeshifter) (Elf:1)
  A shadow (D:12)
  A wraith (D:8)
  A basilisk (D:13)
  A fire elemental (Elf:1)
  2 steam dragons
  3 vampire mosquitoes (D:13)
  9 wargs
  An acid dragon (D:13)
  38 orc warriors
  An ice beast (D:8)
  2 black bears
  2 centaurs
  8 ogres
  A phantom (D:5)
  5 kobold brigands
  4 bullfrogs
  2 gnoll sergeants
  11 wights
  12 killer bees
  14 howler monkeys
  8 crimson imps (D:7)
  4 hounds
  A jelly (D:6)
  12 orc priests
  A gnoll bouda (D:4)
  Natasha (D:1)
  An iguana (D:4)
  22 orc wizards
  13 gnolls
  11 adders
  8 river rats
  3 white imps
  An ufetubus (D:6)
  7 worms
  3 dart slugs (D:1)
  99 orcs
  14 ball pythons
  5 bats
  6 endoplasms
  5 giant cockroaches
  11 goblins
  7 hobgoblins
  6 jackals
  26 kobolds
  6 quokkas
  4 frilled lizards
  22 rats
515 creatures vanquished.

Notes
Turn   | Place    | Note
-------+----------+-------------------------------------------
     0 | D:1      | Marvel the Minotaur Fighter began the quest for the Orb.
     0 | D:1      | Reached XP level 1. HP: 19/19 MP: 0/0
    68 | D:1      | Reached XP level 2. HP: 27/27 MP: 1/1
   659 | D:1      | Reached XP level 3. HP: 29/33 MP: 2/2
   978 | D:2      | Noticed Natasha
   990 | D:1      | Killed Natasha
   991 | D:1      | Reached skill level 3 in Maces & Flails
  1296 | D:2      | Reached XP level 4. HP: 39/40 MP: 3/3
  1485 | D:2      | Identified the amulet "Zulubama" {RegenMP rPois Regen+
                  | Dex+2 Stlth+}
  1948 | D:3      | Reached skill level 4 in Maces & Flails
  1955 | D:3      | Reached XP level 5. HP: 10/47 MP: 4/4
  2098 | D:3      | Found Mizeqeowk's Jewellery Shop.
  2114 | D:3      | Found an ancient bone altar of Kikubaaqudgha.
  2536 | D:4      | Reached skill level 1 in Dodging
  2542 | D:4      | Found a glowing drain.
  2597 | D:4      | Reached skill level 5 in Armour
  2716 | D:5      | Entered Level 5 of the Dungeon
  2742 | D:5      | Reached skill level 5 in Maces & Flails
  2742 | D:5      | Reached XP level 6. HP: 55/55 MP: 5/5
  2817 | D:5      | Reached skill level 5 in Fighting
  2903 | Sewer    | Entered a sewer
  3111 | Sewer    | Reached skill level 6 in Maces & Flails
  3194 | Sewer    | Reached XP level 7. HP: 61/61 MP: 6/6
  3743 | D:4      | Identified the +1 leather armour of Vebbeote {Str+4 Dex-4
                  | Stlth+}
  3885 | D:4      | Reached skill level 7 in Maces & Flails
  4023 | D:4      | Gained mutation: Your system is resistant to poisons.
                  | (rPois) [potion of mutation]
  4065 | D:5      | Noticed Sigmund
  4073 | D:5      | Killed Sigmund
  4074 | D:5      | Reached skill level 5 in Shields
  4368 | D:5      | Reached XP level 8. HP: 69/69 MP: 7/7
  4484 | D:5      | Noticed Prince Ribbit
  4501 | D:5      | Killed Prince Ribbit
  4502 | D:5      | Reached skill level 8 in Maces & Flails
  4502 | D:5      | Reached skill level 1 in Throwing
  5380 | D:7      | Reached skill level 9 in Maces & Flails
  5440 | D:7      | Reached XP level 9. HP: 76/77 MP: 8/8
  5772 | D:7      | Found a staircase to the Ecumenical Temple.
  5780 | Temple   | Entered the Ecumenical Temple
  5910 | Temple   | Became a worshipper of Warmaster Okawaru
  6179 | D:8      | Found a flagged portal.
  6230 | D:8      | Reached skill level 10 in Maces & Flails
  6397 | Bailey   | Entered a bailey
  6416 | Bailey   | Reached * piety under Okawaru
  6543 | Bailey   | Reached XP level 10. HP: 36/88 MP: 9/9
  6555 | Bailey   | Reached ** piety under Okawaru
  6556 | Bailey   | Reached skill level 11 in Maces & Flails
  6602 | Bailey   | Identified the +5 acid dragon scales "Ciogro Saesch" {rCorr
                  | Stlth+}
  6722 | Bailey   | Noticed a two-headed ogre
  6731 | Bailey   | Killed a two-headed ogre
  7204 | D:9      | Noticed Joseph
  7242 | D:9      | Killed Joseph
  7245 | D:9      | Noticed a two-headed ogre
  7254 | D:9      | Killed a two-headed ogre
  7254 | D:9      | Reached *** piety under Okawaru
  7255 | D:9      | Reached skill level 10 in Shields
  7268 | D:9      | Noticed an orange demon
  7269 | D:9      | Noticed Amaemon
  7277 | D:8      | Reached skill level 12 in Maces & Flails
  7310 | D:9      | Noticed an elephant
  7322 | D:9      | Killed an elephant
  7363 | D:9      | Reached **** piety under Okawaru
  7369 | D:9      | Killed an orange demon
  7369 | D:9      | Received a gift from Okawaru
  7370 | D:9      | Reached XP level 11. HP: 91/97 MP: 10/10
  7429 | D:10     | Entered Level 10 of the Dungeon
  7700 | D:10     | Received a gift from Okawaru
  7759 | D:10     | Identified the +1 mace of Moderation {speed, rCorr Stlth+}
  8092 | D:11     | Noticed Urug
  8192 | D:11     | Found a staircase to the Orcish Mines.
  8366 | D:11     | Reached skill level 13 in Maces & Flails
  8453 | D:11     | Killed Urug
  8639 | D:11     | Noticed a two-headed ogre
  8647 | D:11     | Killed a two-headed ogre
  8677 | D:11     | Noticed a tengu warrior
  8686 | D:11     | Killed a tengu warrior
  8687 | D:11     | Reached skill level 5 in Throwing
  8904 | D:12     | Noticed a boulder beetle
  8908 | D:12     | Reached ***** piety under Okawaru
  8930 | D:12     | Killed a boulder beetle
  8931 | D:12     | Received a gift from Okawaru
  9011 | D:12     | Reached skill level 10 in Fighting
  9055 | D:12     | Found a runed translucent gate.
  9059 | D:12     | Found a runed translucent gate.
  9059 | D:12     | Found a runed translucent gate.
  9070 | D:12     | Noticed vvlvvlvvl's ghost (journeyman DsVM)
  9092 | D:12     | Noticed a purple ugly thing
  9101 | D:12     | Killed a purple ugly thing
  9155 | D:12     | Reached skill level 14 in Maces & Flails
  9469 | D:13     | Noticed a centaur warrior
  9486 | D:13     | Noticed a boulder beetle
  9516 | D:13     | Reached XP level 12. HP: 99/106 MP: 11/11
  9529 | D:13     | Killed a boulder beetle
  9554 | D:13     | Noticed a centaur warrior
  9560 | D:13     | Killed a centaur warrior
  9560 | D:13     | Received a gift from Okawaru
  9560 | D:13     | Found the +2 cloak of the Thief {*Fog Slay-2 SInv Stlth+}
  9564 | D:13     | Killed a centaur warrior
  9923 | D:13     | Identified the +3 leather armour of Limitation {rF+}
  9968 | D:13     | Noticed a seven-headed hydra
  9968 | D:13     | Noticed a boulder beetle
  9980 | D:13     | Killed a seven-headed hydra
 10026 | D:13     | Noticed a centaur warrior
 10033 | D:13     | Killed a centaur warrior
 10034 | D:13     | Reached skill level 15 in Maces & Flails
 10042 | D:13     | Killed a boulder beetle
 10124 | D:13     | Found a gate to the Vaults.
 10124 | D:13     | Noticed an ironbound preserver
 10124 | D:13     | Noticed a centaur warrior
 10135 | D:13     | Killed a centaur warrior
 10152 | D:13     | Killed an ironbound preserver
 10153 | D:13     | Reached skill level 1 in Invocations
 10321 | D:13     | Received a gift from Okawaru
 10625 | Orc:1    | Entered Level 1 of the Orcish Mines
 10625 | Orc:1    | Noticed Gastronok
 10691 | D:11     | Killed Gastronok
 10692 | D:11     | Reached XP level 13. HP: 52/117 MP: 12/12
 11142 | Orc:2    | Entered Level 2 of the Orcish Mines
 11342 | Orc:2    | Reached skill level 16 in Maces & Flails
 11524 | Orc:2    | Received a gift from Okawaru
 11678 | Orc:2    | Received a gift from Okawaru
 11686 | Orc:2    | Noticed Saint Roka
 11741 | Orc:2    | Killed Saint Roka
 12135 | Orc:2    | Found Rihar's Jewellery Boutique.
 12135 | Orc:2    | Found Zufizouw's Antique Armour Emporium.
 12203 | Orc:2    | Reached skill level 15 in Shields
 12241 | Orc:2    | Found Umuor's Armour Boutique.
 12241 | Orc:2    | Found Lotejot's Assorted Antiques.
 12285 | Orc:2    | Found a staircase to the Elven Halls.
 12299 | Orc:2    | Bought a scroll of enchant weapon for 277 gold pieces
 12299 | Orc:2    | Bought an emerald potion for 33 gold pieces
 12299 | Orc:2    | Bought a scroll of teleportation for 111 gold pieces
 12595 | Elf:1    | Entered Level 1 of the Elven Halls
 12808 | Elf:1    | Noticed a deep elf annihilator
 12813 | Elf:1    | Killed a deep elf annihilator
 12824 | Elf:1    | Noticed a deep elf sorcerer
 12833 | Elf:1    | Killed a deep elf sorcerer
 12833 | Elf:1    | Identified the +0 flail "Tokkuyfu" {venom, rPois Str-5
                  | Dex+3} (Okawaru gifted it to you on level 1 of the Elven
                  | Halls)
 12833 | Elf:1    | Received a gift from Okawaru
 12839 | Elf:1    | HP: 1/122 [earth elemental (20)]
 12839 | Elf:1    | Demolished by a +0 dire flail of holy wrath

Illustrated notes

Levels and vault maps discovered:
D:1:      dpeg_arrival_stone_temple_mockup, layout_loops_corners
D:2:      layout_loops_ring, dk_noncrumbling_3, kennysheep_generic_room_5,
          uniq_natasha
D:3:      layout_loops_ring, lemuel_round_altar, serial_shops, shop
D:4:      layout_loops_corners, portal_sewer_entry_a, nicolae_wormholes
D:5:      layout_basic, uniq_prince_ribbit1, uniq_sigmund
D:6:      layout_rooms, hangedman_decor_push
D:7:      layout_gridville, minmay_temple_entry_proselytizer, minivault_14,
          chequers_arboretum, minmay_nine_imps
D:8:      layout_cave_pools, enter_bailey_3, kennysheep_generic_room_3
D:9:      layout_rooms, david_lair_generic, minmay_misc_feat_tiny, uniq_amaemon,
          uniq_joseph
D:10:     layout_rooms
D:11:     layout_stronghold, hiddenorc2_lemuel, uniq_urug
D:12:     layout_big_octagon, gammafunk_ghost_necromancy
D:13:     layout_irregular_city, skrybe_vaults_entry_preservation
Temple:   minmay_crystal_snake_temple
Orc:1:    layout_caves, uniq_gastronok
Orc:2:    st_orc_town, layout_diamond_mine, mines3_lemuel, uniq_saint_roka
Elf:1:    layout_geoelf_grid, serial_shops, shop, minmay_elf_annihilation

Skill      XL: |  1  2  3  4  5  6  7  8  9 10 11 12 13 |
---------------+----------------------------------------+-----
Armour         | 4 5 6 7 8 9 |  9.5
Fighting       | 4 5 6 7 9 10 11 13 | 13.0
Shields        | 4 5 7 9 10 12 14 15 | 15.7
Maces & Flails | 3 4 5 6 7 9 10 12 14 15 16 | 16.8
Dodging        | 1 2 |  2.0
Throwing       | 1 2 4 6 8 |  8.4
Invocations    | 1 |  1.6
Stealth        | |  0.2

Action                     |  1- 3 |  4- 6 |  7- 9 | 10-12 | 13-15 || total
---------------------------+-------+-------+-------+-------+-------++-------
  Melee: Flail             |    71 |   210 |   280 |       |       ||   561
         Headbutt          |     9 |    34 |    61 |   122 |    74 ||   300
         Morningstar       |       |       |    58 |   545 |   341 ||   944
  Throw: Dart              |       |     3 |    25 |    94 |    71 ||   193
 Invoke: Heroism           |       |       |       |     4 |     2 ||     6
    Use: Potion            |       |     1 |     8 |     2 |     1 ||    12
         Scroll            |       |       |     3 |    13 |     5 ||    21
   Stab: Sleeping          |       |       |     1 |     8 |     3 ||    12
         Confused          |       |       |       |     5 |       ||     5
         Paralysed         |       |       |       |     1 |     2 ||     3
         Distracted        |       |       |       |     1 |     1 ||     2
         Petrifying        |       |       |       |     1 |       ||     1
 Armour: Scale mail        |    23 |    89 |   130 |     7 |       ||   249
         Acid dragon scale |       |       |       |   169 |    80 ||   249
  Dodge: Dodged            |    33 |    81 |   103 |   173 |    74 ||   464
  Block: Buckler           |    33 |    44 |     9 |       |       ||    86
         Reflection        |     2 |     1 |       |       |       ||     3
         Tower shield      |       |       |   267 |   230 |       ||   497
         Kite shield       |       |       |       |   201 |   206 ||   407
